 Dungeon Crawl Stone Soup version 0.19-a0-262-g5df7875 (webtiles) character file.

6 Duffy the Firebug (level 1, 10/10 HPs)
             Began as a Deep Elf Fire Elementalist on May 25, 2016.
             Quit the game on level 1 of the Dungeon.
             The game lasted 00:00:32 (304 turns).

Duffy the Firebug (Deep Elf Fire Elementalist)       Turns: 304, Time: 00:00:32

Health: 10/10      AC:  2    Str:  5    XL:     1   Next: 75%
Magic:  4/6        EV: 13    Int: 19    God:
Gold:   10         SH:  0    Dex: 15    Spells: 1 memorised, 5 levels left

rFire  . . .     SeeInvis .     i - +0 dagger (curse)
rCold  . . .     Gourm    .     g - +0 robe
rNeg   . . .     Faith    .     (no shield)
rPois  .         Spirit   .     (no helmet)
rElec  .         Dismiss  .     (no cloak)
rCorr  .         Reflect  .     (no gloves)
SustAt .         Harm     .     (no boots)
MR     .....                    (no amulet)
Stlth  ++........               (no ring)
                                (no ring)

@: not resistant to hostile enchantments, unstealthy
A: no striking features
a: no special abilities


You were on level 1 of the Dungeon.
You were not hungry.

You visited 1 branch of the dungeon, and saw 1 of its levels.

You collected 10 gold pieces.


   Skills:
 - Level 2.4 Dodging
 - Level 2.4 Stealth
 - Level 3.0 Spellcasting
 + Level 2.1 Conjurations
 - Level 3.2 Fire Magic


You had 5 spell levels left.
You knew the following spells:

 Your Spells              Type           Power        Failure   Level  Hunger
a - Flame Tongue          Conj/Fire      ##...        8%          1    None

Inventory:

Hand Weapons
 a - a +0 dagger
 i - a cursed +0 dagger (weapon)
Armour
 g - a +0 robe (worn)
Jewellery
 f - an uncursed ring of stealth {unknown}
Scrolls
 e - 2 scrolls of remove curse {unknown}
Potions
 d - a potion of brilliance {unknown}
Books
 b - a book of Flames
Comestibles
 c - a bread ration
 h - a meat ration

Dungeon Overview and Level Annotations

Branches:
Dungeon (1/15)

Altars:


Message History

A kobold comes into view. It is wielding a dagger.
The kobold shouts!
Cast which spell? (? or * to list)
Aiming: Flame Tongue
Press: ? - help, Shift-Dir - straight line, f - kobold
Aim: a kobold, wielding a dagger The flame tongue hits the kobold.
You kill the kobold!
Cast which spell? (? or * to list)
You can't see any susceptible monsters within range! (Use Z to cast anyway.) Cast which spell? (? or * to list)
You can't see any susceptible monsters within range! (Use Z to cast anyway.)
Things that are here:
a dagger; a kobold corpse As you open the door, it creaks loudly!
Found 22 stones.
There is an open door here.
Found a spear.
A kobold comes into view. It is wielding a dagger.
The kobold shouts!
Found a runed dagger.
A rat comes into view.
Cast which spell? (? or * to list)
Aiming: Flame Tongue
Press: ? - help, Shift-Dir - straight line, f - kobold
Aim: a kobold, wielding a dagger The flame tongue hits the kobold.
You kill the kobold!
Your Conjurations skill increases to level 2!
Cast which spell? (? or * to list)
You can't see any susceptible monsters within range! (Use Z to cast anyway.) Cast which spell? (? or * to list)
You can't see any susceptible monsters within range! (Use Z to cast anyway.)
Found a dagger.
Cast which spell? (? or * to list)
Aiming: Flame Tongue
Press: ? - help, Shift-Dir - straight line, f - rat
Aim: a rat The flame tongue hits the rat.
You kill the rat!
Cast which spell? (? or * to list)
You can't see any susceptible monsters within range! (Use Z to cast anyway.) Cast which spell? (? or * to list)
You can't see any susceptible monsters within range! (Use Z to cast anyway.)
You see here a runed dagger.
i - a runed dagger Wield which item (- for none, * to show all)? (? for menu, Esc to quit)
It sticks to your hand!
i - a cursed +0 dagger (weapon)
Are you sure you want to abandon this character and quit the game? (Confirm with "yes".)

#.#####.#..........######.
#..................'......
#######.#......%...#######
#.#>.........# #....
#.######.##### #.### #.#
#..... #..%. # #.# #.....
##### ###.###.#####.....
.. ........#@.......) ##
#.................
##................
#........).......
#................
+)..........#.###
#......#....#.#
.......#....# #
.......######


There were no monsters in sight!

Action                   || total
-------------------------++-------
 Cast: Flame Tongue      ||     7

Notes
Turn   | Place    | Note
--------------------------------------------------------------
     0 | D:1      | Duffy the Deep Elf Fire Elementalist began the quest for the Orb.
     0 | D:1      | Reached XP level 1. HP: 10/10 MP: 6/6
   298 | D:1      | Reached skill level 2 in Conjurations
   304 | D:1      | Quit the game

Skill      XL: |  1 |
---------------+----+-----
Conjurations   | 2 |  2.1
Dodging        | |  2.4
Stealth        | |  2.4
Spellcasting   | |  3.0
Fire Magic     | |  3.2

Vault maps used:
D:1:      mrwooster_arrival_arrow

Vanquished Creatures
  A goblin
  3 kobolds
  3 rats
7 creatures vanquished.
